AoeStats
← Artemiska

Four Lakes

509968184Analyzed
1v1 RM · 3d ago on Sep 28, 2026· 25m 27s· 2 players
Game mode
Random Map
Map size
Tiny (2 player)
Population
200
Speed
Normal
Resources
Standard
Victory
Conquest
Starting age
Dark Age
Ending age
Imperial Age
RankedLock teamsTeams togetherTeam positionsShared explorationLock speedFull tech treeHidden civsTurbo modeCheats
Victory
Defeat
🇪🇸 Dravidians · Spain
850
+17
🇨🇿 Danes · Czechia
881
-17
Artemiska
5:43 Loom
10:08 Feudal Age
10:34 Man-at-Arms
13:11 Arson
16:14 Double-Bit Axe
17:10 Horse Collar
23:11 Castle Age
22:29 Gold Mining
23:17 Pikeman
NebulaKnight74
7:46 Loom
13:46 Feudal Age
14:12 Double-Bit Axe
14:39 Fishing Lines
19:41 Castle Age
22:02 Stone Mining
22:15 Gillnets
22:38 Gold Mining
24:13 Town Watch
Connection lost

Rejoining the realm…

Still unreachable

The connection could not be restored.

Session expired

The server has moved on; the page needs a fresh start.